 Dungeon Crawl Stone Soup version 0.31.0-11-ge490571c62 (webtiles) character file.

Game seed: 7071007538155703992

571 Arcadio the Poker (level 7, -3/57 HPs)
             Began as a Merfolk Monk on Jan 28, 2024.
             Splashed by a jelly's acid (6 damage)
             ... on level 5 of the Dungeon.
             The game lasted 00:10:15 (4930 turns).

Arcadio the Poker (Merfolk Monk)                    Turns: 4930, Time: 00:10:16

Health: -3/57      AC:  1    Str: 13    XL:     7   Next: 34%
Magic:  0/7        EV:  8    Int: 10    God:
Gold:   215        SH:  0    Dex: 16    Spells: 6/6 levels left

rFire   . . .        a - +0 spear
rCold   . . .        d - orb {light}
rNeg    + . .        q - +0 chain mail
rPois   .            i - +0 helmet
rElec   .            (no cloak)
rCorr   .            (no gloves)
SInv    .            (no boots)
Will    +....        v - amulet of guardian spirit Stlth
                     e - ring of willpower
HPRegen 0.29/turn    A - ring of positive energy
MPRegen 0.10/turn

%: guardian spirit
@: lethally poisoned (-3 -> -9), corroded, glowing
A: (nimble swimmer 2), mertail
a: no special abilities


You were on level 5 of the Dungeon.
You visited 1 branch of the dungeon, and saw 6 of its levels.

You collected 215 gold pieces.

Inventory:

Hand Weapons
 a - a +0 spear (weapon)
Armour
 b - a +0 robe
 d - an orb of light (worn)
 i - a +0 helmet (worn)
 o - the +0 robe of Jeoplix {Rampage ^Drain Will+++ rCorr}
   (You found it on level 2 of the Dungeon)

   Will+++:   It greatly increases your willpower.
   rCorr:     It protects you from acid and corrosion.
   ^Drain:    It drains your maximum health when unequipped.
   Rampage:   It bestows one free step when moving towards enemies.
 p - a +0 ring mail
 q - a +0 chain mail (worn)
 B - a +1 ring mail of cold resistance
Jewellery
 e - a ring of willpower (left hand)
 m - a ring of ice
 t - an amulet of the acrobat
 v - an amulet of guardian spirit (around neck)
 A - a ring of positive energy (right hand)
Scrolls
 f - 5 scrolls of teleportation {unknown}
 g - 3 scrolls of enchant armour {unknown}
 j - a scroll of summoning {unknown}
 n - a scroll of silence {unknown}
 r - a scroll of enchant weapon {unknown}
 s - 4 scrolls of identify {unknown}
 w - a scroll of vulnerability {unknown}
 x - a scroll of fear {unknown}
 y - a scroll of amnesia {unknown}
 C - a scroll of poison {unknown}
Potions
 h - 3 potions of heal wounds {unknown}
 k - a potion of haste {unknown}
 l - 2 potions of lignification {unknown}
 u - a potion of curing {unknown}
 z - a potion of enlightenment {unknown}


   Skills:
 + Level 5.9 Fighting
 + Level 7.0 Polearms
 + Level 6.9 Dodging


You had 6 spell levels left.
You didn't know any spells.
Your spell library contained the following spells:

 Spells                   Type           Power      Damage    Failure   Level
 Cigotuvi's Dreadful Rot  Necr/Alch/Air  0%         N/A       100%        2
 Ignite Poison            Fire/Alch      0%         N/A       100%        4
 Freezing Cloud           Conj/Ice/Air   0%         6-21      100%        5


Dungeon Overview and Level Annotations

Branches:
Dungeon (6/15)
 Temple: D:4-7

Altars:
Gozag

Shops:
D:4 [[

Annotations:
D:3 Sigmund
D:6 3 runed translucent doors, Arcadio's ghost, novice TrDe; kaychamo's ghost, novice OpHu


Innate Abilities, Weirdness & Mutations

((You are very nimble when in or above water. (Stealth+, EV+, Speed+++)))
Your lower body shifts to a powerful aquatic tail in water.


Message History

You hit the jelly but do no damage.
Your hands burn!
The jelly is heavily wounded.
You feel sick. The adder barely misses you.
You feel sick.
You are no longer poisoned.
The jelly hits you.
You are splashed with acid!
* * * LOW HITPOINT WARNING * * *
The adder attacks as it pursues you! The adder barely misses you.
The adder attacks as it pursues you! The adder misses you. The adder bites you.
* * * LOW HITPOINT WARNING * * *
You are confused.
You feel invigorated. The adder bites you.
You are poisoned.
The adder poisons you!
You hit the jelly but do no damage.
Your hands burn!
* * * LOW HITPOINT WARNING * * *
The jelly is heavily wounded.
You feel sick. The adder bites you.
* * * LOW HITPOINT WARNING * * *
You're too confused to move!
You feel sick. The adder bites you.
You are more poisoned.
The adder poisons you! The jelly hits you but does no damage.
The adder bites you.
You hit the adder but do no damage.
You feel less invigorated.
You feel less confused.
You feel sick. The jelly hits you.
You are splashed with acid!
* * * LOW HITPOINT WARNING * * *
The adder completely misses you.
You feel sick. The adder attacks as it pursues you!
The adder barely misses you.
You feel sick.
You feel sick. The adder attacks as it pursues you! The adder bites you.
You are lethally poisoned!
The adder poisons you! The jelly attacks as it pursues you!
The jelly completely misses you.
* * * LOW HITPOINT WARNING * * *
You feel very sick. The jelly attacks as it pursues you! The jelly hits you.
You are splashed with acid!
You die...

##+##.............#
######.........#####......
#....#.........# #......
#....#.........# #......
#....#.........# #......
#....#.........# #......
#....#.........# #....=.
#....#..JS.....+ #.....)
#....#...@.....# ##..
#..###.........#
...#+###..#######.....#
...#.......#....#.....#
...#.......#....#.....#
...#.......#....#.....#
...#.......'....#.....#
...#)#######..###.....#########
..........##..#######..........


You could see a jelly and an adder.

Vanquished Creatures
  An ogre (D:6)
  A kobold brigand (D:6)
  A jelly (D:5)
  A hound (D:5)
  An orc priest (D:4)
  3 orc wizards
  An iguana (D:5)
  9 adders
  2 gnolls (D:3)
  A shadow imp (D:6)
  3 dart slugs
  A ribbon worm (D:2)
  14 orcs
  5 bats
  4 endoplasms
  7 giant cockroaches
  4 goblins
  12 hobgoblins
  8 jackals
  3 quokkas
  5 ball pythons
  A frilled lizard (D:3)
  14 kobolds
  2 rats (D:1)
104 creatures vanquished.

Notes
Turn   | Place    | Note
-------+----------+-------------------------------------------
     0 | D:1      | Arcadio the Merfolk Monk began the quest for the Orb.
     0 | D:1      | Reached XP level 1. HP: 18/18 MP: 1/1
   124 | D:1      | Reached XP level 2. HP: 21/24 MP: 2/2
   455 | D:1      | Reached XP level 3. HP: 30/30 MP: 3/3
  1131 | D:2      | Identified the +0 robe of Jeoplix {Rampage ^Drain Will+++
                  | rCorr}
  1168 | D:2      | Reached XP level 4. HP: 30/37 MP: 4/4
  1498 | D:2      | Reached skill level 5 in Polearms
  1498 | D:2      | Reached skill level 5 in Dodging
  2308 | D:3      | Noticed Sigmund
  2444 | D:4      | Reached XP level 5. HP: 43/43 MP: 5/5
  2558 | D:4      | Found Titist's Armour Shop.
  2991 | D:4      | Found Ejaj's Armour Emporium.
  3227 | D:4      | Found an opulent altar of Gozag.
  3749 | D:4      | Reached skill level 5 in Fighting
  3749 | D:4      | Reached XP level 6. HP: 50/51 MP: 6/6
  3949 | D:5      | Entered Level 5 of the Dungeon
  3961 | D:5      | Reached skill level 6 in Polearms
  4510 | D:6      | Reached XP level 7. HP: 30/56 MP: 5/7
  4694 | D:6      | Found a runed translucent gate.
  4695 | D:6      | Found a runed translucent gate.
  4696 | D:6      | Found a runed translucent gate.
  4720 | D:6      | Noticed Arcadio's ghost (novice TrDe)
  4720 | D:6      | Noticed kaychamo's ghost (novice OpHu)
  4829 | D:5      | Reached skill level 7 in Polearms
  4930 | D:5      | Splashed by a jelly's acid

Illustrated notes

Levels and vault maps discovered:
D:1:      dpeg_arrival_ternary, layout_loops_ring
D:2:      layout_basic, serial_curves, eino_curves_04, eino_curves_02,
          minmay_fountain_box
D:3:      layout_loops_ring, uniq_sigmund
D:4:      layout_layer_cave, mainiacjoe_overflow_concentric_impassable,
          serial_shops, nicolae_shop_waterfront, shop
D:5:      layout_gridville, nicolae_ru_sacrificial_ziggurat
D:6:      cheibrodos_steamvent, layout_rooms,
          beargit_hepliaklqana_dungeon_heroes, nicolae_overflow_crystal_walls,
          gammafunk_ghost_cemetery, hangedman_decor_riveting

Skill      XL: |  1  2  3  4  5  6  7 |
---------------+----------------------+-----
Fighting       | 4 5 |  5.9
Polearms       | 5 6 7 |  7.0
Dodging        | 5 6 |  6.9

Action                     |  1- 3 |  4- 6 |  7- 9 || total
---------------------------+-------+-------+-------++-------
  Melee: Spear             |   125 |   324 |    70 ||   519
    Use: Potion            |       |     1 |     1 ||     2
 Armour: Robe              |    58 |       |       ||    58
         Chain mail        |       |   195 |    63 ||   258
         Ring mail         |       |    11 |       ||    11
  Dodge: Dodged            |    83 |   109 |    39 ||   231
